 Dungeon Crawl Stone Soup version 0.19.4-8-ga85b6b9 (webtiles) character file.

207 grophax the Chiller (level 6, -1/41 HPs)
             Began as a Human Ice Elementalist on Feb 11, 2017.
             Was a Follower of Vehumet.
             Slain by a river rat (10 damage)
             ... in a sewer.
             The game lasted 00:52:52 (4775 turns).

grophax the Chiller (Human Ice Elementalist)        Turns: 4775, Time: 00:52:53

Health: -1/41      AC:  9    Str:  9    XL:     6   Next: 10%
Magic:  9/11       EV: 13    Int: 17    God:    Vehumet [*.....]
Gold:   145        SH:  0    Dex: 13    Spells: 3 memorised, 6 levels left

rFire  . . .     SeeInvis .     m - +3 dagger (flame)
rCold  . . .     Gourm    .     a - +0 robe
rNeg   . . .     Faith    .     (no shield)
rPois  .         Spirit   .     f - +1 helmet
rElec  .         Reflect  .     (no cloak)
rCorr  .         Harm     .     (no gloves)
MR     .....     Rnd*Tele +     (no boots)
Stlth  ++........               (no amulet)
                                (no ring)
                                I - ring of teleportation (curse)

@: icy armour, slow
A: no striking features
a: Renounce Religion


You were in a sewer.
You worshipped Vehumet.
Vehumet was aware of your devotion.
You were not hungry.

You visited 1 branch of the dungeon, and saw 3 of its levels.
You also visited: Sewer.

You collected 145 gold pieces.

Inventory:

Hand Weapons
 i - a +0 club
 k - a +0 club
 m - a +3 dagger of flaming (weapon)
 x - a cursed -1 falchion
Missiles
 d - 36 arrows
 h - 93 stones (quivered)
 u - 26 bolts
 M - 4 steel javelins
Armour
 a - a +0 robe (worn)
 f - a +1 helmet (worn)
 o - a +0 helmet
 r - a +0 plate armour
 t - a +0 chain mail
 z - a +0 ring mail of fire resistance
 Q - a +0 ring mail
Jewellery
 I - a cursed ring of teleportation (left hand)
Scrolls
 j - a scroll of remove curse
 l - 4 scrolls of identify
 n - 2 scrolls of fog
 v - a scroll of immolation
 y - 3 scrolls of enchant weapon
 A - a scroll of amnesia
Potions
 e - a potion of agility
 g - a potion of curing
 p - a potion of brilliance {unknown}
 s - a potion of invisibility {unknown}
Books
 b - a book of Frost

   Spells                             Type                      Level
   a - Freeze                         Ice                          1
   b - Throw Frost                    Conjuration/Ice              2
   c - Ozocubu's Armour               Charms/Ice                   3
   d - Throw Icicle                   Conjuration/Ice              4
   e - Summon Ice Beast               Ice/Summoning                4
Comestibles
 c - 5 bread rations
 q - a slice of pizza


   Skills:
 + Level 0.2 Fighting
 + Level 0.6 Short Blades
 + Level 2.8 Dodging
 + Level 2.5 Stealth
 + Level 0.2 Unarmed Combat
 + Level 3.8 Spellcasting
 + Level 1.0 Conjurations
 + Level 4.2 Ice Magic


You had 6 spell levels left.
You knew the following spells:

 Your Spells              Type           Power        Failure   Level  Hunger
a - Freeze                Ice            ###.         2%          1    None
b - Throw Frost           Conj/Ice       ##....       10%         2    ##.....
c - Ozocubu's Armour      Chrm/Ice       ##......     21%         3    ###....


Dungeon Overview and Level Annotations

Branches:
Dungeon (3/15)

Altars:
Cheibriados
Dithmenos
Vehumet


Message History

Vehumet accepts your kill.
Casting: Freeze
Confirm with . or Enter, or press ? or * to list all spells.
Aiming: Freeze
Press: ? - help, Shift-Dir - straight line, f - river rat
Aim: a river rat You freeze the river rat.
The river rat is severely wounded.
The river rat bites you.
* * * LOW HITPOINT WARNING * * *
Casting: Freeze
Confirm with . or Enter, or press ? or * to list all spells.
Aiming: Freeze
Press: ? - help, Shift-Dir - straight line, f/p - river rat
Aim: a river rat (severely wounded)
You freeze the river rat.
You kill the river rat!
Vehumet accepts your kill.
You feel your power returning. The river rat bites you!
You die...

###################
###.#≈≈≈≈≈≈≈≈≈≈≈≈≈≈≈.
##....≈≈≈≈≈≈≈.≈≈≈≈≈≈≈.
#.....≈≈≈≈≈#≈≈≈≈≈≈≈≈≈.
#.....≈≈≈≈≈≈#≈≈≈≈≈≈≈≈.
##...r.≈≈≈≈≈.≈≈≈≈≈≈≈≈≈.
#....r@≈≈≈≈≈≈≈≈≈≈≈≈≈≈≈.
#..r.##################
##..r## #..r## #...#
#...## ##...##
#....##################
#......≈≈≈≈≈≈≈≈≈≈≈≈≈≈≈#


You could see 2 river rats and 3 rats.

Vanquished Creatures
  Terence (D:3)
  2 river rats (Sewer)
  8 adders
  An ooze (D:1)
  4 dart slugs
  A leopard gecko (D:1)
  2 giant cockroaches
  5 goblins
  5 hobgoblins
  3 jackals (D:1)
  3 quokkas (D:2)
  5 ball pythons
  10 bats
  4 frilled lizards (D:1)
  5 kobolds
  32 rats
  2 fungi (D:1)
93 creatures vanquished.

Notes
Turn   | Place    | Note
-------+----------+-------------------------------------------
     0 | D:1      | grophax the Human Ice Elementalist began the quest for the Orb.
     0 | D:1      | Reached XP level 1. HP: 13/13 MP: 3/3
   606 | D:1      | Reached XP level 2. HP: 9/19 MP: 5/5
   941 | D:1      | Learned a level 2 spell: Throw Frost
  1354 | D:1      | Reached XP level 3. HP: 24/24 MP: 2/6
  1397 | D:1      | Learned a level 3 spell: Ozocubu's Armour
  2610 | D:2      | Reached XP level 4. HP: 30/30 MP: 8/8
  2724 | D:2      | Found a snail-covered altar of Cheibriados.
  2748 | D:2      | Found a radiant altar of Vehumet.
  2748 | D:2      | Found a shadowy altar of Dithmenos.
  2792 | D:2      | Became a worshipper of Vehumet
  3819 | D:3      | Noticed Terence
  3872 | D:3      | Killed Terence
  3872 | D:3      | Reached XP level 5. HP: 13/35 MP: 1/9
  4162 | D:3      | Found a glowing drain.
  4171 | Sewer    | Entered a sewer
  4323 | Sewer    | Reached * piety under Vehumet
  4323 | Sewer    | Offered knowledge of Flame Tongue by Vehumet.
  4324 | Sewer    | Reached skill level 4 in Ice Magic
  4555 | Sewer    | Reached XP level 6. HP: 23/41 MP: 5/11
  4757 | Sewer    | HP: 2/41 [river rat (3)]
  4775 | Sewer    | Slain by a river rat

Skill      XL: |  1  2  3  4  5 |
---------------+----------------+-----
Spellcasting   | 3 |  3.8
Ice Magic      | 4 |  4.2
Fighting       | |  0.2
Short Blades   | |  0.6
Dodging        | |  2.8
Stealth        | |  2.5
Unarmed Combat | |  0.2
Conjurations   | |  1.0

Action                   |  1- 3 |  4- 6 || total
-------------------------+-------+-------++-------
Melee: Unarmed           |   140 |       ||   140
       Dagger            |    34 |    80 ||   114
 Cast: Freeze            |    35 |    54 ||    89
       Throw Frost       |     6 |     4 ||    10
       Ozocubu's Armour  |     2 |     3 ||     5
  Use: Scroll            |     7 |     3 ||    10
       Potion            |       |     8 ||     8
 Stab: Sleeping          |     2 |     2 ||     4
  Eat: Chunk             |     6 |     8 ||    14
Armor: Robe              |    23 |    39 ||    62
Dodge: Dodged            |    60 |   134 ||   194
